[Event "Titled Tuesday Blitz March 08 Late 2022"]
[White "Cardoso Cardoso, Jose Gabriel"]
[Black "Nakamura, Hikaru"]
[WhiteFideId "4430492"]
[BlackFideId "2016192"]
[WhiteElo "2451"]
[BlackElo "2850"]
[Result "1-0"]
[Round "03"]
[TimeControl "180+1"]
[Date "2022.03.08"]
[WhiteClock "0:00:55"]
[BlackClock "0:00:57"]

1. d4 g6 2. e4 Bg7 3. Bc4 a6 4. a4 b6 5. Nf3 Bb7 6. Qe2 e6 7. O-O d6 8. c3 Nd7 9. h4 h6 10. Nbd2 g5 11. h5 Ngf6 12. Nh2 d5 13. Bd3 dxe4 14. Nxe4 Nd5 15. f4 gxf4 16. Bxf4 Nxf4 17. Rxf4 Qe7 18. Raf1 Rf8 19. Ng3 Nf6 20. Ng4 Nd5 21. Rxf7 Rxf7 22. Bg6 Nf6 23. Ne5 O-O-O 24. Nxf7 Re8 25. Ne5 Rf8 26. Bd3 Nd5 27. Bxa6 Rxf1+ 28. Nxf1 Qg5 29. Bxb7+ Kxb7 30. Nd3 Qf5 31. Qf3 Qxf3 32. gxf3 Bf8 33. Ng3 c5 34. dxc5 bxc5 35. Ne4 Kb6 36. Kf2 Be7 37. Ne5 Nf4 38. Ng6 Nd5 39. c4 1-0


[Site "https://www.chess.com"]

[Event "Titled Tuesday Blitz March 08 Late 2022"]
[White "Caruana, Fabiano"]
[Black "Gledura, Benjamin"]
[WhiteFideId "2020009"]
[BlackFideId "712779"]
[WhiteElo "2744"]
[BlackElo "2326"]
[Result "1-0"]
[Round "03"]
[TimeControl "180+1"]
[Date "2022.03.08"]
[WhiteClock "0:00:13"]
[BlackClock "0:00:13"]

1. Nf3 Nf6 2. b3 g6 3. Bb2 Bg7 4. g3 d6 5. Bg2 e5 6. d3 c5 7. c4 Nc6 8. O-O O-O 9. Nc3 h6 10. Ne1 Be6 11. Nd5 Qd7 12. Nc2 Ne7 13. Nxe7+ Qxe7 14. e4 Rab8 15. Ne3 b5 16. Qd2 Qc7 17. f4 bxc4 18. dxc4 exf4 19. gxf4 Rbe8 20. Rae1 Bc8 21. e5 dxe5 22. fxe5 Ng4 23. Nd5 Qd8 24. Qf4 Qg5 25. Qxg5 hxg5 26. Bh3 Nxe5 27. Bxc8 Nf3+ 28. Rxf3 Rxe1+ 29. Kf2 Rfe8 30. Bxg7 R8e2+ 31. Kg3 Kxg7 32. Rf2 f5 33. Rxe2 Rxe2 34. a3 Rb2 35. b4 Rb3+ 36. Kf2 Rxa3 37. bxc5 Ra5 38. c6 Rc5 39. Bd7 Rxc4 40. c7 g4 41. c8=Q Rxc8 42. Bxc8 a5 43. Bd7 Kh6 44. Kg3 Kg5 45. Be8 Kh6 46. Kf4 Kh5 47. Ne7 Kh4 48. Bxg6 Kh3 49. Bxf5 Kxh2 50. Bxg4 a4 51. Be6 a3 52. Nc6 a2 53. Bxa2 Kg2 54. Bd5+ Kf2 55. Nd4 Ke1 56. Ke3 Kd1 57. Ne2 Ke1 58. Bb3 Kf1 59. Nf4 Ke1 60. Ng2+ Kf1 61. Kf3 Kg1 62. Ne3 Kh2 63. Be6 Kg1 64. Kg3 Kh1 65. Ng4 Kg1 66. Bc4 1-0


[Site "https://www.chess.com"]

[Event "Titled Tuesday Blitz March 08 Late 2022"]
[White "Chigaev, Maksim"]
[Black "Senft, Sean"]
[WhiteFideId "4108116"]
[BlackFideId "2044960"]
[WhiteElo "2502"]
[BlackElo "1881"]
[Result "1-0"]
[Round "03"]
[TimeControl "180+1"]
[Date "2022.03.08"]
[WhiteClock "0:00:50"]
[BlackClock "0:00:35"]

1. d4 d5 2. Nf3 c6 3. c4 Nf6 4. g3 a6 5. Bg2 Bf5 6. Nc3 e6 7. Qb3 Ra7 8. O-O Nbd7 9. Nd2 Be7 10. e4 dxe4 11. Ndxe4 O-O 12. Rd1 Qc8 13. Bf4 Nxe4 14. Nxe4 Bxe4 15. Bxe4 Nf6 16. Bf3 b5 17. Rac1 b4 18. d5 c5 19. d6 Bd8 20. a3 a5 21. axb4 axb4 22. Ra1 Rxa1 23. Rxa1 Re8 24. Ra8 Qd7 25. Be5 h5 26. Qa2 Ng4 27. Ra7 Qxa7 28. Qxa7 Nxe5 29. Bxh5 Bf6 30. f4 Ng6 31. Bxg6 Bd4+ 32. Kg2 fxg6 33. Qd7 Kf8 34. b3 Bf6 35. g4 g5 36. h4 gxf4 37. g5 Bd8 38. g6 Be7 39. Qxe6 1-0


[Site "https://www.chess.com"]

[Event "Titled Tuesday Blitz March 08 Late 2022"]
[White "Chiu, Isaac"]
[Black "Reprintsev, Alexander"]
[WhiteFideId "30900654"]
[BlackFideId "14100541"]
[WhiteElo "2631"]
[BlackElo "2443"]
[Result "1-0"]
[Round "03"]
[TimeControl "180+1"]
[Date "2022.03.09"]
[WhiteClock "0:00:14"]
[BlackClock "0:00:15"]

1. c4 e5 2. g3 Nc6 3. Bg2 Bc5 4. Nc3 Nf6 5. a3 a5 6. e3 d6 7. Nge2 Bg4 8. h3 Bh5 9. g4 Bg6 10. d4 Ba7 11. O-O h5 12. g5 Nh7 13. f4 exd4 14. exd4 Bf5 15. Kh2 h4 16. Be3 Qe7 17. Nd5 Qd7 18. b4 O-O 19. b5 Ne7 20. Ndc3 Rfe8 21. Qd2 c6 22. a4 Nf8 23. Ng1 Neg6 24. Nf3 Re7 25. Rae1 Rae8 26. Bf2 Ne6 27. Nxh4 Nxh4 28. Bxh4 Nxd4 29. Rxe7 Qxe7 30. Re1 Qd7 31. Ne4 Bxe4 32. Rxe4 Rxe4 33. Bxe4 Qe6 34. Qd3 d5 35. cxd5 cxd5 36. Bg2 Qd6 37. Bg3 Qb4 38. Bf2 Qxa4 39. Bxd5 Qb4 40. g6 Kf8 41. gxf7 Qd6 42. Qe4 Qe7 43. Qh7 Ne6 44. Qg8# 1-0


[Site "https://www.chess.com"]

[Event "Titled Tuesday Blitz March 08 Late 2022"]
[White "Clawitter, Craig"]
[Black "Kovanova, Baira"]
[WhiteFideId "2023105"]
[BlackFideId "4164083"]
[WhiteElo "2274"]
[BlackElo "2190"]
[Result "0-1"]
[Round "03"]
[TimeControl "180+1"]
[Date "2022.03.09"]
[WhiteClock "0:00:01"]
[BlackClock "0:00:59"]

1. e4 e5 2. Nf3 Nc6 3. Bb5 a6 4. Ba4 Nge7 5. Nc3 Ng6 6. h4 h5 7. d3 Be7 8. Bg5 d6 9. Nd5 Bxg5 10. hxg5 Bg4 11. Qd2 Qd7 12. c3 b5 13. Bb3 Nce7 14. a4 Nxd5 15. exd5 Nf4 16. Nh4 b4 17. cxb4 Rb8 18. Bc4 c6 19. dxc6 Qxc6 20. f3 d5 21. b5 Qc5 22. fxg4 dxc4 23. Rc1 axb5 24. axb5 Rd8 25. Rxc4 Qxb5 0-1


[Site "https://www.chess.com"]

[Event "Titled Tuesday Blitz March 08 Late 2022"]
[White "Cori T., Deysi"]
[Black "Bacrot, Etienne"]
[WhiteFideId "3801934"]
[BlackFideId "605506"]
[WhiteElo "2341"]
[BlackElo "2673"]
[Result "0-1"]
[Round "03"]
[TimeControl "180+1"]
[Date "2022.03.08"]
[WhiteClock "0:01:57"]
[BlackClock "0:02:08"]

1. d4 Nf6 2. Nf3 e6 3. e3 a6 4. Bd3 c5 5. O-O b5 6. a4 c4 7. Be2 Bb7 8. b3 d5 9. Ne5 Bd6 10. Nc3 b4 11. Nb1 c3 12. f3 Nbd7 13. Nd3 a5 14. Qe1 Qb6 15. Qh4 h6 16. Kh1 g5 17. Qf2 O-O-O 18. Qe1 Qc7 19. g3 h5 20. Kg2 g4 21. Nf4 gxf3+ 22. Bxf3 h4 23. Qe2 hxg3 24. hxg3 Rdg8 25. Qb5 Nb8 26. Qe2 Ba6 0-1


[Site "https://www.chess.com"]

[Event "Titled Tuesday Blitz March 08 Late 2022"]
[White "Curtis, John"]
[Black "Milanovic, Marko"]
[WhiteFideId "3200256"]
[BlackFideId "980129"]
[WhiteElo "2203"]
[BlackElo "2159"]
[Result "0-1"]
[Round "03"]
[TimeControl "180+1"]
[Date "2022.03.09"]
[WhiteClock "0:00:03"]
[BlackClock "0:00:04"]

1. e4 e5 2. f4 d5 3. exd5 exf4 4. Bb5+ c6 5. Qe2+ Be7 6. dxc6 bxc6 7. Bd3 Nf6 8. Nc3 O-O 9. Nf3 Re8 10. Kd1 Bg4 11. Ne4 Nbd7 12. Nxf6+ Nxf6 13. b3 Bc5 14. Qf1 Qd6 15. Bb2 Rad8 16. a3 Ne4 17. Kc1 Nf2 18. b4 Bb6 19. Bc3 Nxh1 20. Qxh1 Bxf3 21. gxf3 Bd4 22. Kb2 c5 23. b5 Bxc3+ 24. dxc3 c4 25. Bxc4 Rc8 26. Bb3 Qe5 27. Rd1 Qxc3+ 28. Ka2 Re2 29. Rc1 Rd8 30. Qf1 Qe3 31. Rd1 Rxd1 32. Qxd1 Rd2 33. Qf1 g6 34. Qc4 Qe7 35. Qxf4 Rd8 36. a4 Kg7 37. h4 Qf6 38. Qc7 Qb6 39. Qxf7+ Kh6 40. h5 Qd6 41. hxg6 hxg6 42. Qb7 Qd4 43. Qe7 Qb6 44. f4 Qd6 45. Qh4+ Kg7 46. f5 Qf6 0-1


[Site "https://www.chess.com"]

[Event "Titled Tuesday Blitz March 08 Late 2022"]
[White "Dardha, Daniel"]
[Black "Martirosyan, Haik M."]
[WhiteFideId "240990"]
[BlackFideId "13306553"]
[WhiteElo "2482"]
[BlackElo "2735"]
[Result "1-0"]
[Round "03"]
[TimeControl "180+1"]
[Date "2022.03.08"]
[WhiteClock "0:01:27"]
[BlackClock "0:00:06"]

1. d4 g6 2. c4 f5 3. Nc3 Nf6 4. h4 d6 5. h5 Bg7 6. h6 Bf8 7. Bg5 Be6 8. d5 Bf7 9. Nf3 Nbd7 10. Nd4 a5 11. g3 Nc5 12. Bg2 Qd7 13. Qc2 Ng4 14. Rd1 Rb8 15. e4 Ne5 16. exf5 gxf5 17. Bh3 Bg6 18. f4 Nxc4 19. Nxf5 e6 20. Qe2 Nxb2 21. dxe6 Qc6 22. Nd5 Nbd3+ 23. Rxd3 Nxd3+ 24. Qxd3 Qc1+ 25. Kf2 Qb2+ 26. Ke3 c6 27. Nc7# 1-0


[Site "https://www.chess.com"]

[Event "Titled Tuesday Blitz March 08 Late 2022"]
[White "Debray, Christopher"]
[Black "Rustemov, Alexander"]
[WhiteFideId "630810"]
[BlackFideId "4119002"]
[WhiteElo "2480"]
[BlackElo "2766"]
[Result "0-1"]
[Round "03"]
[TimeControl "180+1"]
[Date "2022.03.09"]
[WhiteClock "0:00:18"]
[BlackClock "0:00:29"]

1. e4 e6 2. d4 d5 3. Nc3 Bb4 4. Ne2 Nf6 5. Bg5 dxe4 6. a3 Be7 7. Bxf6 Bxf6 8. Nxe4 Be7 9. N2c3 O-O 10. Qd2 Nd7 11. O-O-O b6 12. h4 Bb7 13. d5 e5 14. d6 cxd6 15. Nxd6 Bxd6 16. Qxd6 Nc5 17. Qxe5 Qc8 18. f3 Re8 19. Qf4 Ne6 20. Qg4 Qc7 21. Bc4 h5 22. Qxh5 Qxc4 23. Rd7 Nf4 24. Qg5 Ne2+ 25. Nxe2 Rxe2 26. Qf5 Qa2 27. Kd1 Rae8 0-1


[Site "https://www.chess.com"]

[Event "Titled Tuesday Blitz March 08 Late 2022"]
[White "Derige Kane, Yan"]
[Black "Fishbein, Alexander"]
[WhiteFideId "20665431"]
[BlackFideId "2000377"]
[WhiteElo "2445"]
[BlackElo "2634"]
[Result "0-1"]
[Round "03"]
[TimeControl "180+1"]
[Date "2022.03.09"]
[WhiteClock "0:01:38"]
[BlackClock "0:00:53"]

1. Nf3 Nf6 2. g3 g6 3. Bg2 Bg7 4. O-O O-O 5. b3 d6 6. Bb2 e5 7. d3 c5 8. Nbd2 Nc6 9. c3 d5 10. d4 e4 11. Ne5 Nxe5 12. dxe5 Ng4 13. c4 e3 14. Nf3 exf2+ 15. Kh1 d4 16. Bc1 Bf5 17. h3 Nxe5 18. Rxf2 d3 19. Nxe5 Bxe5 20. e4 Bxa1 21. exf5 Bd4 22. Rf3 Qe7 23. Rxd3 Rfe8 24. fxg6 Qe1+ 25. Kh2 Bg1+ 26. Kh1 Bf2+ 27. Bf1 hxg6 28. Bf4 Qxd1 29. Rxd1 Re1 30. Rxe1 Bxe1 31. Bg2 Re8 32. Bxb7 Re2 33. Bd6 Rxa2 34. Bxc5 Bxg3 35. Bd5 a5 36. Bb6 Be1 37. c5 Bf2 38. b4 Ra1+ 39. Kg2 Bd4 40. bxa5 Bxc5 41. Bc7 Bb4 42. Kf3 Bxa5 43. Be5 Ra3+ 44. Kg4 Bc3 45. Bg3 Kg7 46. h4 f5+ 47. Kf4 Bd2+ 0-1


[Site "https://www.chess.com"]

[Event "Titled Tuesday Blitz March 08 Late 2022"]
[White "Dias, Joao Batista"]
[Black "Meduri, Aakaash"]
[WhiteFideId "2108240"]
[BlackFideId "2032252"]
[WhiteElo "1898"]
[BlackElo "2096"]
[Result "1-0"]
[Round "03"]
[TimeControl "180+1"]
[Date "2022.03.09"]
[WhiteClock "0:00:09"]
[BlackClock "0:00:06"]

1. e4 c5 2. f4 a6 3. Nf3 b5 4. d3 Bb7 5. Be2 e6 6. O-O d5 7. Nc3 Ne7 8. exd5 exd5 9. d4 c4 10. Re1 g6 11. Bf1 Bg7 12. Ne2 O-O 13. c3 b4 14. Ng3 Nd7 15. Bd2 bxc3 16. bxc3 f5 17. Rb1 Bc6 18. Qc2 Nc8 19. Nh1 Nd6 20. Nf2 Ne4 21. Nxe4 fxe4 22. Ne5 Nxe5 23. fxe5 Qh4 24. Qc1 Qf2+ 25. Kh1 Ba4 26. Be3 Qf7 27. Be2 Rab8 28. Rf1 Qd7 29. Rxb8 Rxb8 30. h3 Qc7 31. Bg4 Bd7 32. Be2 Be6 33. Qa3 a5 34. Qd6 Qxd6 35. exd6 Rd8 36. Bf4 Bf8 37. Rb1 Bxd6 38. Bg5 Rb8 39. Rxb8+ Bxb8 40. Kg1 Bd6 41. Kf2 a4 42. Ke3 a3 43. Kd2 Kg7 44. Bd1 h6 45. Be3 g5 46. Bh5 Bg3 47. Ke2 Bd7 48. Bg4 Ba4 49. Be6 Bc6 50. Bc1 Bd6 51. Kf2 Kf6 52. Bg8 h5 53. Bh7 Bd7 54. Bg8 Bc6 55. Ke2 g4 56. hxg4 hxg4 57. Kf2 g3+ 58. Ke2 Ke7 59. Bh7 Bd7 60. Bg8 Bc6 61. Bh7 Kd7 62. Bg8 Kc7 63. Be6 Bb7 64. Bf7 Kc6 65. Be6 Bc7 66. Bf7 Kd6 67. Bf4+ Kc6 68. Bc1 Bd6 69. Bg8 Bc8 70. Ke1 Bg4 71. Bf7 Bc8 72. Bg8 Bb7 73. Bf7 Kc7 74. Be6 Kd8 75. Bg8 Ke7 76. Bh7 Kf6 77. Bg8 Kf5 78. Bf7 Bc6 79. Bg8 Bf4 80. Bxa3 Be3 81. Bb2 Bf2+ 82. Kf1 Ba4 83. Bxd5 Bb5 84. a4 Bxa4 85. Bxc4 e3 86. Ke2 Kf4 87. Bc1 Bd7 88. Kf1 Bg4 89. Be2 Ke4 90. Bxg4 Kd3 91. d5 Kxc3 92. d6 e2+ 93. Kxe2 Bb6 94. d7 Kd4 95. Be3+ Kd5 96. Bxb6 Ke4 97. d8=Q 1-0


[Site "https://www.chess.com"]

[Event "Titled Tuesday Blitz March 08 Late 2022"]
[White "Dilmukhametov, Artur"]
[Black "Kopczynski, Michal"]
[WhiteFideId "24179922"]
[BlackFideId "1124200"]
[WhiteElo "2237"]
[BlackElo "2235"]
[Result "1-0"]
[Round "03"]
[TimeControl "180+1"]
[Date "2022.03.09"]
[WhiteClock "0:00:07"]
[BlackClock "0:00:03"]

1. e4 c5 2. Nf3 d6 3. Bb5+ Nc6 4. O-O g6 5. d4 cxd4 6. Nxd4 Bd7 7. Nc3 Bg7 8. Be3 Nf6 9. h3 O-O 10. Qd2 Nxd4 11. Qxd4 Bxb5 12. Nxb5 Ng4 13. Qd3 Nxe3 14. Qxe3 Bxb2 15. Rab1 Bg7 16. Nxa7 b6 17. Nc6 Qc7 18. Qxb6 Qd7 19. Qb7 Qxb7 20. Rxb7 e6 21. Na7 Bd4 22. Nb5 Bc5 23. Ra1 Rfc8 24. a4 Bb4 25. Nc7 Ra5 26. Rxb4 Rxc7 27. c4 Rca7 28. Kf1 Kf8 29. Ke2 Ke7 30. Kd3 Kd7 31. Kc3 Kc6 32. Kb3 Rg5 33. g3 Re5 34. f3 Rg5 35. g4 h5 36. Rb5 Rc5 37. Rxc5+ Kxc5 38. a5 Rb7+ 39. Kc3 hxg4 40. hxg4 f5 41. gxf5 gxf5 42. exf5 exf5 43. a6 Ra7 44. Ra5+ Kb6 45. Rd5 Kc6 46. Ra5 Kb6 47. Rxf5 Rxa6 48. Kd4 Kc6 49. Rf8 Kd7 50. Kd5 Ra5+ 51. Kd4 Ke7 52. Rh8 Ra3 53. Rh7+ Ke6 54. Rh6+ Ke7 55. f4 Rf3 56. Ke4 Rf1 57. f5 Re1+ 58. Kd4 Rd1+ 59. Kc3 Rf1 60. Rh5 Kf6 61. Kd4 Rd1+ 62. Ke4 Re1+ 63. Kd5 Rd1+ 64. Kc6 Rc1 65. Rh4 Kxf5 66. Kxd6 Rd1+ 67. Kc6 Rc1 68. c5 Ke6 69. Rd4 Ke5 70. Rd2 Ke6 71. Kb6 Rb1+ 72. Kc7 Rc1 73. c6 Ke7 74. Re2+ Kf6 75. Kb7 Rb1+ 76. Kc8 Rc1 77. c7 Kf5 78. Re7 Kf6 79. Kd8 Rd1+ 80. Rd7 Rh1 81. c8=Q Rh8+ 82. Kc7 Rxc8+ 83. Kxc8 1-0


[Site "https://www.chess.com"]

[Event "Titled Tuesday Blitz March 08 Late 2022"]
[White "Djordjevic, Vuk"]
[Black "Jobava, Baadur"]
[WhiteFideId "902098"]
[BlackFideId "13601520"]
[WhiteElo "2463"]
[BlackElo "2617"]
[Result "1/2-1/2"]
[Round "03"]
[TimeControl "180+1"]
[Date "2022.03.08"]
[WhiteClock "0:00:05"]
[BlackClock "0:00:05"]

1. d4 d5 2. Bf4 c5 3. e3 Nc6 4. c3 cxd4 5. exd4 Nf6 6. Nd2 Bg4 7. Ngf3 e6 8. Bd3 Bd6 9. Bg5 h6 10. Bh4 g5 11. Bg3 Bxg3 12. hxg3 Qc7 13. Qa4 O-O-O 14. Bb5 Bxf3 15. Nxf3 Nd7 16. Bxc6 bxc6 17. O-O g4 18. Nh4 Kb8 19. b4 Ka8 20. Qb3 Rb8 21. c4 dxc4 22. Qxc4 Nb6 23. Qe2 h5 24. a4 Rhd8 25. Qe4 Rd5 26. Rfc1 Qd6 27. b5 Rxd4 28. Qh7 c5 29. a5 Nd5 30. b6 Qe7 31. Qxh5 c4 32. Qe5 Qc5 33. Qg7 Rd2 34. Qxf7 Rb7 35. Qg8+ Rb8 36. b7+ Kxb7 37. Rab1+ Nb4 38. Qxe6 Ka8 39. Qe4+ Qd5 40. Qxg4 Nd3 41. Rxb8+ Kxb8 42. Rb1+ Kc7 43. Qg7+ Kd6 44. Qf6+ Kc5 45. Qe7+ Kc6 46. Qb7+ Kd6 47. Qb8+ Kc6 48. Qxa7 Rxf2 49. Rb6+ Kc5 50. Rf6+ Kb4 51. Rxf2 Nxf2 52. Qxf2 c3 53. Nf3 Qd1+ 54. Ne1 c2 55. Qxc2 Qxe1+ 56. Kh2 Kxa5 57. Qf5+ Kb6 58. Qf4 Qe6 59. g4 Qe7 60. Kg3 Qa3+ 61. Qf3 Qe7 62. Qf2+ Kc6 63. Qc2+ Kd7 64. Qd3+ Ke8 65. Qg6+ Kf8 66. Qf5+ Kg7 67. Kf4 Qb4+ 68. Qe4 Qd2+ 69. Kg3 Qc3+ 70. Kh4 Qc5 71. g5 Qd6 72. Kg4 Qd7+ 73. Qf5 Qd4+ 74. Qf4 Qd1+ 75. Kg3 Qe1+ 76. Qf2 Qe5+ 77. Qf4 Qe1+ 78. Kh3 Qh1+ 79. Qh2 Qc1 80. Qe5+ Kg8 81. Qe6+ Kg7 82. Qf6+ Kg8 83. g6 Qh6+ 84. Kg3 Qh2+ 85. Kf3 Qxg2+ 86. Kf4 Qf3+ 87. Ke5 Qxf6+ 88. Kxf6 Kf8 89. g7+ Kg8 90. Kg6 1/2-1/2


[Site "https://www.chess.com"]

[Event "Titled Tuesday Blitz March 08 Late 2022"]
[White "Dolzhykova, Kateryna"]
[Black "Hambleton, Aman"]
[WhiteFideId "14113414"]
[BlackFideId "2606577"]
[WhiteElo "2450"]
[BlackElo "2667"]
[Result "1/2-1/2"]
[Round "03"]
[TimeControl "180+1"]
[Date "2022.03.09"]
[WhiteClock "0:00:05"]
[BlackClock "0:00:05"]

1. e4 b6 2. d3 c5 3. g3 Nc6 4. Bg2 Bb7 5. Nf3 e6 6. O-O d6 7. Nc3 Nf6 8. Re1 Be7 9. e5 dxe5 10. Nxe5 Qc8 11. Qf3 Na5 12. Ne4 O-O 13. Bd2 Nxe4 14. dxe4 Bf6 15. Bxa5 Bxe5 16. Bc3 Qc7 17. Qe3 Rfd8 18. Rad1 Bxc3 19. Qxc3 e5 20. Qe3 Rxd1 21. Rxd1 Rd8 22. Rd2 Rd6 23. c3 Qd8 24. Rxd6 Qxd6 25. Bf3 g6 26. Kg2 Kg7 27. h4 h6 28. Be2 Qe6 29. b3 Qc6 30. f3 Qd6 31. Qd3 Qxd3 32. Bxd3 Bc6 33. Kf2 Kf6 34. Ke3 g5 35. hxg5+ Kxg5 36. b4 f6 37. bxc5 bxc5 38. Bc4 Bd7 39. Bf7 Ba4 40. f4+ Kg4 41. fxe5 fxe5 42. Kf2 Bc2 43. Be6+ Kg5 44. Ke3 h5 45. Bd7 Bd1 46. Bc8 Bg4 47. Bb7 Bd7 48. Kf3 Bg4+ 49. Ke3 Be6 50. a3 Kg4 51. Kf2 Bf7 52. Ba6 Bb3 53. Be2+ Kg5 54. Ke3 Bc2 55. Bf3 Bb1 56. Be2 Ba2 57. Bf3 Be6 58. Be2 Bd7 59. Bc4 Bc8 60. Bf7 Bb7 61. Be6 Bc6 62. Bc8 Be8 63. Be6 Bg6 64. Bc8 Kf6 65. Kf3 Be8 66. Ke3 Bf7 67. Bd7 Kg5 68. Bc8 a5 69. Bd7 Bb3 70. Bc8 Bd1 71. Bd7 Bg4 72. Bb5 Be6 73. Be2 Bf7 74. Bf3 Bg6 75. Be2 Be8 76. Bf3 Bb5 77. Bd1 Bf1 78. Bf3 Bh3 79. Be2 Bg2 80. Bd1 Bh1 81. Be2 Bg2 82. Bd1 Kg6 83. Be2 Bh3 84. Bd3 Bg4 85. Bc4 Bd7 86. Be2 Kg5 87. Bd1 h4 88. gxh4+ Kxh4 89. Be2 Kg3 90. Bd3 Kg2 91. Bc4 Bg4 92. Bd3 Kg1 93. Bc4 Bh3 94. Bd3 Be6 95. Bb5 Bb3 96. Bd3 Ba4 97. Be2 Bc2 98. Bc4 Kg2 99. Be2 Bb3 100. Bb5 Be6 101. Be2 Bh3 102. Bd3 Kg1 103. Bc4 Bg2 104. Bd3 Bh3 105. Bc4 Bc8 106. Bb5 Bb7 107. Bc4 Bc6 108. Bd3 Bd7 109. Bc4 Bg4 110. Bb5 Kh2 111. Bc4 Bh3 112. Bb5 Kg1 113. Bc4 1/2-1/2


[Site "https://www.chess.com"]

[Event "Titled Tuesday Blitz March 08 Late 2022"]
[White "Domingo Nunez, Alejandro"]
[Black "Fiorito, Fabian"]
[WhiteFideId "22245561"]
[BlackFideId "100200"]
[WhiteElo "2598"]
[BlackElo "2428"]
[Result "0-1"]
[Round "03"]
[TimeControl "180+1"]
[Date "2022.03.09"]
[WhiteClock "0:00:03"]
[BlackClock "0:00:58"]

1. c4 Nf6 2. Nf3 e6 3. Nc3 d5 4. e3 c6 5. b3 Nbd7 6. Bb2 Bd6 7. Be2 O-O 8. O-O e5 9. d3 c5 10. cxd5 a6 11. a4 Rb8 12. Nd2 Qe7 13. a5 b5 14. axb6 Nxb6 15. e4 g6 16. Qc2 Nfd7 17. Na4 f5 18. Nxb6 Nxb6 19. Ba3 f4 20. Rfc1 Nd7 21. Bg4 Nf6 22. Bxc8 Rbxc8 23. f3 g5 24. Nc4 Nd7 25. Bb2 Ra8 26. h3 h5 27. Qd1 Kh7 28. Ba3 Rg8 29. d4 g4 30. hxg4 hxg4 31. fxg4 exd4 32. Nxd6 Qxd6 33. Qxd4 Rxg4 34. Bxc5 Qg6 35. Ra2 Rg8 36. Rcc2 f3 37. Bd6 Qxd6 38. e5 Qxe5 39. Qd3+ Kh8 40. Qxf3 Qe1+ 41. Qf1 Qe3+ 42. Rf2 Ne5 43. Qa1 Rxg2+ 44. Kh1 Qh6# 0-1


[Site "https://www.chess.com"]

[Event "Titled Tuesday Blitz March 08 Late 2022"]
[White "Dounis, Alexandros"]
[Black "Fedoseev, Vladimir"]
[WhiteFideId "4213238"]
[BlackFideId "24130737"]
[WhiteElo "2204"]
[BlackElo "2726"]
[Result "1-0"]
[Round "03"]
[TimeControl "180+1"]
[Date "2022.03.08"]
[WhiteClock "0:01:06"]
[BlackClock "0:00:42"]

1. Nf3 d5 2. g3 Nd7 3. Bg2 e5 4. d3 Ngf6 5. O-O Bd6 6. c4 c6 7. cxd5 cxd5 8. Nc3 O-O 9. e4 d4 10. Nb5 Bb8 11. a4 a6 12. Na3 a5 13. Nb5 Nc5 14. b3 Be6 15. Rb1 h6 16. Ba3 Nfd7 17. Qc2 b6 18. Nd2 Qg5 19. Nc4 Rc8 20. Bc1 Qd8 21. f4 exf4 22. gxf4 f5 23. e5 Ra6 24. Nxd4 Nf8 25. Nc6 Qxd3 26. Qxd3 Nxd3 27. Ne7+ Kf7 28. Nxc8 Bxc8 29. Rd1 Nxc1 30. Rbxc1 Be6 31. Nd6+ Kg6 32. Bd5 Bxd5 33. Rxd5 Ne6 34. Rc8 Nxf4 35. Rb5 Ra8 36. Kf1 Ne6 37. Rxb6 Bc7 38. Rxa8 Bxb6 39. Ra6 Bd4 40. Nb5 Kf7 41. Rxe6 Kxe6 42. Nxd4+ Kxe5 43. Nc6+ Kd5 44. Nxa5 Kc5 45. Nb7+ Kb4 46. a5 Kb5 47. a6 Kxa6 48. Nd6 g6 49. Nf7 Kb5 50. Nxh6 Kb4 51. Kf2 Kxb3 52. Ng8 Kc4 53. Ne7 Kd4 54. Nxg6 Kd5 55. Kg3 Ke6 56. Kf4 Kf6 1-0


[Site "https://www.chess.com"]

[Event "Titled Tuesday Blitz March 08 Late 2022"]
[White "Erdogdu, Mert"]
[Black "Chernomordik, Pavel"]
[WhiteFideId "6301495"]
[BlackFideId "2804530"]
[WhiteElo "2692"]
[BlackElo "2460"]
[Result "1-0"]
[Round "03"]
[TimeControl "180+1"]
[Date "2022.03.09"]
[WhiteClock "0:00:36"]
[BlackClock "0:00:12"]

1. e4 g6 2. d4 Bg7 3. Nc3 d6 4. f4 a6 5. Nf3 b5 6. Bd3 Nd7 7. e5 c5 8. Be4 Rb8 9. Be3 b4 10. Na4 Qa5 11. b3 c4 12. Ng5 d5 13. Bf3 e6 14. O-O Ne7 15. g4 h6 16. Nh3 h5 17. gxh5 Nf5 18. Bf2 Nf8 19. Ng5 f6 20. exf6 Bxf6 21. hxg6 Qc7 22. Nf7 Qxf4 23. Nxh8 Bxh8 24. Bh5 Ke7 25. bxc4 dxc4 26. Nc5 Bb7 27. Nxb7 Rxb7 28. d5 Bxa1 29. Bc5+ 1-0


[Site "https://www.chess.com"]

[Event "Titled Tuesday Blitz March 08 Late 2022"]
[White "Espinosa, Pedro"]
[Black "Vakhlamov, Igor L."]
[WhiteFideId "30921066"]
[BlackFideId "24126748"]
[WhiteElo "2481"]
[BlackElo "2782"]
[Result "0-1"]
[Round "03"]
[TimeControl "180+1"]
[Date "2022.03.09"]
[WhiteClock "0:00:04"]
[BlackClock "0:00:06"]

1. d4 d5 2. c4 e6 3. Nf3 Nf6 4. Nc3 Be7 5. Bf4 O-O 6. e3 a6 7. c5 Ne4 8. Nxe4 dxe4 9. Nd2 f5 10. Bc4 b5 11. cxb6 cxb6 12. Qb3 Rf6 13. Bg5 Rg6 14. Bxe7 Qxe7 15. g3 b5 16. Be2 Nc6 17. a4 Na5 18. Qc3 b4 19. Qc2 Bb7 20. Nc4 Nxc4 21. Bxc4 Rf6 22. b3 Rc8 23. Qe2 a5 24. O-O g5 25. Rac1 Kg7 26. Ba6 Rxc1 27. Rxc1 Bd5 28. Qb5 f4 29. Qxa5 Rf7 30. exf4 gxf4 31. Qc5 Qf6 32. Rf1 Qg5 33. Qd6 Bxb3 34. Qxb4 Bd5 35. Qd6 Rf5 36. Bb5 Kh6 37. Be2 f3 38. Bb5 e3 39. h4 Qg4 40. fxe3 f2+ 41. Rxf2 Qe4 42. Kf1 Qb1+ 43. Ke2 Qc2+ 44. Ke1 Qxf2+ 45. Kd1 Bb3+ 46. Kc1 Qc2# 0-1


[Site "https://www.chess.com"]

[Event "Titled Tuesday Blitz March 08 Late 2022"]
[White "Estrada Nieto, Julian"]
[Black "Mekhitarian, Krikor Sevag"]
[WhiteFideId "5101018"]
[BlackFideId "2107660"]
[WhiteElo "2478"]
[BlackElo "2747"]
[Result "0-1"]
[Round "03"]
[TimeControl "180+1"]
[Date "2022.03.09"]
[WhiteClock "0:00:01"]
[BlackClock "0:00:48"]

1. e4 c5 2. Nf3 g6 3. c3 d5 4. e5 Bg4 5. d4 cxd4 6. cxd4 Nc6 7. Bb5 Rc8 8. Nc3 e6 9. h3 Bxf3 10. Qxf3 h5 11. O-O Nh6 12. Ne2 Nf5 13. Bd2 Qb6 14. Qd3 Be7 15. Rac1 O-O 16. Bxc6 Rxc6 17. Rxc6 bxc6 18. b4 a5 19. bxa5 Qb2 20. Rb1 Qxa2 21. Rb7 c5 22. g4 c4 23. Qc3 hxg4 24. hxg4 Nh4 25. Nc1 Qxd2 26. Qxd2 Nf3+ 27. Kg2 Nxd2 28. Rxe7 Ra8 29. Ne2 Nb3 30. Nf4 Nxd4 31. Nh3 Nc6 0-1


[Site "https://www.chess.com"]

[Event "Titled Tuesday Blitz March 08 Late 2022"]
[White "Fernandez Siles, Luis"]
[Black "Risteski, Emil"]
[WhiteFideId "2209420"]
[BlackFideId "15005267"]
[WhiteElo "2212"]
[BlackElo "2070"]
[Result "0-1"]
[Round "03"]
[TimeControl "180+1"]
[Date "2022.03.09"]
[WhiteClock "0:00:15"]
[BlackClock "0:00:18"]

1. e4 d6 2. Nc3 e5 3. f4 exf4 4. Nf3 g5 5. h4 g4 6. Ng5 h6 7. Nxf7 Kxf7 8. Bc4+ Kg7 9. d4 Be7 10. Bxf4 Bxh4+ 11. g3 Bg5 12. Qd2 Bxf4 13. Qxf4 Qf6 14. Qd2 Qg5 15. Qf2 Nf6 16. O-O Rf8 17. e5 Nh7 18. Qe2 Bf5 19. Nd5 Nc6 20. Nxc7 Nxd4 21. Qf2 Nf3+ 22. Kg2 dxe5 23. Qc5 Kh8 24. Nxa8 Be4 25. Rxf3 Bxf3+ 26. Kg1 Qh5 27. Rf1 Qh1+ 28. Kf2 Bc6+ 29. Ke3 Rxf1 30. Qxe5+ Nf6 31. Bxf1 Qxf1 32. Qf4 Qxf4+ 33. Kxf4 Nd5+ 34. Kxg4 b6 35. Nxb6 axb6 36. Kh5 Kg7 37. g4 Nf6+ 38. Kh4 Kg6 39. b4 Bd7 40. c4 Bxg4 41. c5 bxc5 42. bxc5 Bd7 43. a3 Ba4 44. Kg3 Bc6 45. Kh4 Nd5 46. Kg3 Nc7 47. Kf4 Na6 48. Ke5 Nxc5 49. Kd6 Ba4 50. Kxc5 h5 51. Kb4 Be8 52. Kc5 h4 53. Kd4 Kg5 54. Ke3 Kg4 55. Kf2 h3 56. Kg1 Kg3 57. a4 h2+ 58. Kh1 Bc6# 0-1


[Site "https://www.chess.com"]